 Dungeon Crawl Stone Soup version 0.22-a0-406-g9ff8d77 (webtiles) character file.

16 dstrtnsr the Shield-Bearer (level 2, 25/27 HPs)
             Began as a Deep Dwarf Fighter on May 8, 2018.
             Quit the game on level 2 of the Dungeon.
             The game lasted 00:01:01 (247 turns).

dstrtnsr the Shield-Bearer (Deep Dwarf Fighter)      Turns: 247, Time: 00:01:02

Health: 25/27      AC:  9    Str: 19    XL:     2   Next: 41%
Magic:  2/2        EV:  2    Int:  8    God:
Gold:   17         SH: 12    Dex: 12    Spells: 1/1 levels left

rFire    . . .     SeeInvis .   a - +0 war axe
rCold    . . .     Gourm    .   k - +0 large shield
rNeg     + . .     Faith    .   g - +1 chain mail {rN+}
rPois    .         Spirit   .   (no helmet)
rElec    .         Reflect  .   (no cloak)
rCorr    .         Harm     .   (no gloves)
MR       .....                  (no boots)
Stlth    ..........             (no amulet)
HPRegen  0.00/turn              (no ring)
MPRegen  0.08/turn              (no ring)

@: non-regenerating, heavily drained
A: damage resistance, heal wounds, sense surroundings 1, no regeneration
a: Heal Wounds


You were on level 2 of the Dungeon.
You were not hungry.

You visited 1 branch of the dungeon, and saw 2 of its levels.

You collected 17 gold pieces.

Inventory:

Hand Weapons
 a - a +0 war axe (weapon)
Armour
 b - a +0 scale mail
 g - a +1 chain mail of positive energy (worn)
 k - a +0 large shield (worn)
Scrolls
 c - a scroll of remove curse {unknown}
 i - a scroll of fog {unknown}
Potions
 d - a potion of might
 h - a potion of lignification {unknown}
 j - 2 potions of curing {unknown}
Comestibles
 e - a ration {!d}
 f - 4 chunks of flesh


   Skills:
 + Level 2.9(1.4) Fighting
 + Level 2.5(1.0) Axes
 + Level 3.5(2.0) Armour
 + Level 3.5(2.0) Shields


You had one spell level left.
You didn't know any spells.

Dungeon Overview and Level Annotations

Branches:
Dungeon (2/15)

Altars:


Innate Abilities, Weirdness & Mutations

You are resistant to damage.
You can heal yourself by infusing magical energy.
You passively map a small area around you.
You do not regenerate.


Message History

You slash the bat!
You kill the bat!
i - a scroll labeled KUOMIET HERO No target in view!
No target in view!
Found 12 arrows.
No target in view!
You see here 12 arrows.
Key pressed, stopping explore.
No target in view!
You now have 8 gold pieces.
j - 2 dark potions No target in view!
Found 22 arrows.
No target in view!
A hobgoblin comes into view. It is wielding a club.
The hobgoblin shouts!
You barely miss the hobgoblin. The hobgoblin barely misses you.
A hobgoblin is nearby!
You closely miss the hobgoblin. You block the hobgoblin's attack.
The hobgoblin hits you but does no damage.
A hobgoblin is nearby!
You slash the hobgoblin!
You kill the hobgoblin!
Things that are here:
a club; a hobgoblin corpse No target in view!
No target in view!
You butcher the hobgoblin corpse.
f - 5 chunks of flesh (gained 4)
You see here a club. x2
Found a large shield.
No target in view!
No target in view!
No target in view!
You see here a large shield.
A leopard gecko comes into view.
The leopard gecko hisses angrily.
A leopard gecko is nearby!
A rat comes into view.
Found 9 gold pieces.
There are monsters nearby!
There are monsters nearby!
You block the leopard gecko's attack.
You miss the leopard gecko. The leopard gecko barely misses you.
You block the leopard gecko's attack.
Your shield and chain mail prevent you from hitting the leopard gecko.
Your chain mail prevents you from hitting the rat.
You block the leopard gecko's attack. The rat bites you but does no damage.
The leopard gecko barely misses you. The rat barely misses you.
You slash the leopard gecko!
You kill the leopard gecko!
You hit the rat.
The rat bites you but does no damage. x2
Your shield prevents you from hitting the rat.
The rat is severely wounded.
The rat bites you but does no damage.
You hit the rat.
You kill the rat!
No target in view!
You see here a large shield.
k - a large shield Wear which item? (? for menu, Esc to quit)
You start removing your armour.
You continue taking off your +0 shield. x4
You finish taking off your +0 shield.
You start putting on your armour.
You continue putting on your large shield. x5
You finish putting on your +0 large shield.
Drop what? 11/52 slots (_ for help) (? for menu, Esc to quit)
You drop a +0 shield.
You now have 17 gold pieces (gained 9).
A hobgoblin comes into view. It is wielding a club.
The hobgoblin shouts!
A hobgoblin is nearby!
A hobgoblin is nearby!
A hobgoblin is nearby!
You barely miss the hobgoblin.
The hobgoblin hits you but does no damage.
Your shield and chain mail prevent you from hitting the hobgoblin.
You block the hobgoblin's attack.
The hobgoblin hits you but does no damage.
Your shield and chain mail prevent you from hitting the hobgoblin.
The hobgoblin hits you but does no damage.
You hit the hobgoblin.
The hobgoblin is severely wounded.
You block the hobgoblin's attack.
You hit the hobgoblin.
You kill the hobgoblin!
No target in view!
No target in view!
No target in view!
c - a scroll labeled OLICLERUWU Some of the chunks of flesh in your inventory have rotted away.
There is a stone staircase leading down here.
You climb downwards.
An adder and a goblin come into view.
The goblin shouts!
Found a ration.
There is a stone staircase leading up here.
Unknown command.
Are you sure you want to abandon this character and quit the game? (Confirm with "yes".)

* , * * , ,, ,
.......
,,,,,......# #
...... *##.
.g...
....####...#+*
.%.........#
...........#..#
....S..@.......
...........####
* ,
*###+####+#.#
#, , * ,* ,*, ,
*, *, * , ,* ,
, ,


You could see an adder and a goblin.

Vanquished Creatures
  An ooze (D:1)
  A leopard gecko (D:1)
  3 hobgoblins (D:1)
  A kobold (D:1)
  3 bats (D:1)
  2 rats (D:1)
11 creatures vanquished.

Notes
Turn   | Place    | Note
-------+----------+-------------------------------------------
     0 | D:1      | dstrtnsr the Deep Dwarf Fighter began the quest for the Orb.
     0 | D:1      | Reached XP level 1. HP: 20/20 MP: 1/1
    74 | D:1      | Reached XP level 2. HP: 25/27 MP: 2/2
   247 | D:2      | Quit the game

Vault maps used:
D:1:      ncdulo_watergridlock
D:2:      chequers_ecumenical_altar_simple_redux, lemuel_tele_altar,
          uniq_crazy_yiuf_cottage

Action                   || total
-------------------------++-------
Melee: War axe           ||    36
Armor: Scale mail        ||    12
       Chain mail        ||    28
Dodge: Dodged            ||    14
Block: Shield            ||    26
       Large shield      ||     2

Table legend:
 A = Spawn XP
 B = Non-spawn XP
 C = Spawn XP percentage of total XP
 D = Spawn monster count
 E = Non-spawn monster count
 F = Spawn count percentage of total count
 G = Total turns spent on level
                    A         B        C        D         E        F      G
               +---------+---------+-------+---------+---------+-------+---------
         Total |       0 |      24 |   0.0 |       0 |      11 |   0.0 |   247
               +---------+---------+-------+---------+---------+-------+---------
           D:1 |       0 |      24 |   0.0 |       0 |      11 |   0.0 |   246
               +---------+---------+-------+---------+---------+-------+---------
